cohdb
Replays
Latest Replays
All Replays
Popular Replays
Top Player Replays
Match Explorer
How It Works
Community
CoH3 Stats
Reddit
Sign in to upload your games and track your stats! →
Sign in with Steam
Match 47348775
Unlisted
Match 47348775
Overview
Messages
Build Orders
End
Vickers Machine Gun Team
Vickers Machine Gun Team
Construct Section Command Post
Selects Air and Sea Battlegroup
Selects Supply Surplus
Construct Field Infirmary
Construct Platoon Command Post
Infantry Section
Infantry Section
Selects Commando Section Paradrop
Selects M1 Pack Howitzer Paradrop
M1 Pack Howitzer Paradrop
Forward Retreat Point
Construct Company Command Post
Construct Resource Cache
Royal Engineer Section
Unlock M3 Grant Medium Tanks
Grenade Package
M3 Grant Medium Tank
M3 Grant Medium Tank
M3 Grant Medium Tank
Royal Engineer Section
Vickers Machine Gun Team
M3 Grant Medium Tank
Selects Incendiary Bombing Run
M3 Grant Medium Tank
Construct Resource Cache
Incendiary Bombing Run
M3 Grant Medium Tank
Vickers Machine Gun Team
Selects UNKNOWN (223837)
Selects Assault Flares
Construct Resource Cache
Incendiary Bombing Run
M3 Grant Medium Tank
Construct Field Infirmary
Assault Flares
M3 Grant Medium Tank
Incendiary Bombing Run
Forward Retreat Point
Foot Guards Section
M3 Grant Medium Tank
Incendiary Bombing Run
Construct Resource Cache
Construct Resource Cache
Assault Flares
M3 Grant Medium Tank
potatoo
啦啦鹅
0
0
Comments
sign in to comment!
No comments posted yet!